 Dungeon Crawl Stone Soup version 0.21-a0-200-gb89f83b (console) character file.

15 Duffy the Sneak (level 2, 0/13 HPs)
             Began as a Spriggan Enchanter on Aug 16, 2017.
             Slain by a kobold
             ... wielding a +1 dagger of protection
              (3 damage)
             ... on level 1 of the Dungeon.
             The game lasted 00:00:36 (518 turns).

Duffy the Sneak (Spriggan Enchanter)                 Turns: 518, Time: 00:00:37

Health: 0/13       AC:  2    Str:  4    XL:     2   Next: 34%
Magic:  7/7        EV: 18    Int: 16    God:
Gold:   62         SH:  0    Dex: 16    Spells: 4/7 levels left

rFire    . . .     SeeInvis +   a - +1 dagger
rCold    . . .     Gourm    .   (shield restricted)
rNeg     . . .     Faith    .   b - +0 robe
rPois    .         Spirit   .   (helmet restricted)
rElec    .         Reflect  .   (no cloak)
rCorr    .         Harm     .   (gloves unavailable)
MR       .....                  (boots unavailable)
Stlth    +++.......             (no amulet)
HPRegen  0.04/turn              (no ring)
MPRegen  0.10/turn              (no ring)

@: very quick
A: unfitting armour, see invisible, herbivore 3, speed 3, slow metabolism 2
a: no special abilities


You were on level 1 of the Dungeon.
You were not hungry.

You visited 1 branch of the dungeon, and saw 1 of its levels.

You collected 62 gold pieces.

Inventory:

Hand Weapons
 a - a +1 dagger (weapon)
Armour
 b - a +0 robe (worn)
Scrolls
 e - a scroll of teleportation {unknown}
 g - a scroll of remove curse {unknown}
 h - 2 scrolls of identify {unknown}
Potions
 f - a potion of brilliance {unknown}
Books
 c - a book of Maledictions

   Spells                             Type                      Level
   a - Corona                         Hexes                        1
   b - Ensorcelled Hibernation        Hexes/Ice                    2
   c - Confuse                        Hexes                        3
   d - Tukima's Dance                 Hexes                        3
   e - Dazzling Spray                 Conjuration/Hexes            3
Comestibles
 d - a bread ration


   Skills:
 + Level 1.3 Short Blades
 - Level 3.0 Dodging
 + Level 4.8 Stealth
 + Level 3.1 Spellcasting
 + Level 3.9 Hexes


You had 4 spell levels left.
You knew the following spells:

 Your Spells              Type           Power        Failure   Level  Hunger
a - Ensorcelled Hibernat  Hex/Ice        #.....       13%         2    ##.....
r - Corona                Hex            ###....      3%          1    #......


Dungeon Overview and Level Annotations

Branches:
Dungeon (1/15)

Altars:


Innate Abilities, Weirdness & Mutations

You are very small and have problems with some larger weapons.
You are too small for most types of armour.
You have supernaturally acute eyesight. (SInv)
You are a herbivore.
You cover ground extremely quickly.
You need consume almost no food.


Message History

The kobold barely misses you.
You hit the kobold but do no damage.
The kobold is severely wounded.
The kobold hits you but does no damage.
You closely miss the kobold.
The kobold is severely wounded.
The kobold closely misses you.
You miss the kobold.
The kobold is severely wounded.
The kobold barely misses you.
You barely miss the kobold.
The kobold is severely wounded.
The kobold closely misses you.
You hit the kobold but do no damage.
The kobold is severely wounded.
The kobold hits you with a dagger of protection.
You hit the kobold but do no damage.
The kobold is moderately wounded.
The kobold hits you with a dagger of protection.
You die...

#.# #~.7...P..~#.# #.#
#~777.PPP.~#.# #.# #~
7...P..~#.# #
##.###~~~7~7~~~~#..
###.##...######.#######.
.......#.........######.
##.##...#####.#........
# ##.## #...####### #@#
##### ##K## #...#
#.....# #........
##.....### ..#...##
##.##.## #. ###


You could see a kobold.

Vanquished Creatures
  2 leopard geckos (D:1)
  A bat (D:1)
  3 giant cockroaches (D:1)
  A hobgoblin (D:1)
  3 kobolds (D:1)
  2 rats (D:1)
12 creatures vanquished.

Vanquished Creatures (others)
  5 toadstools (D:1)
5 creatures vanquished.

Grand Total: 17 creatures vanquished

Notes
Turn   | Place    | Note
-------+----------+-------------------------------------------
     0 | D:1      | Duffy the Spriggan Enchanter began the quest for the Orb.
     0 | D:1      | Reached XP level 1. HP: 9/9 MP: 5/5
   263 | D:1      | Reached XP level 2. HP: 13/13 MP: 7/7
   285 | D:1      | Learned a level 2 spell: Ensorcelled Hibernation
   518 | D:1      | Slain by a kobold

Vault maps used:
D:1:      ldierk_walled_garden

Skill      XL: |  1 |
---------------+----+-----
Spellcasting   | 3 |  3.1
Short Blades   | |  1.3
Dodging        | |  3.0
Stealth        | |  4.8
Hexes          | |  3.9

Action                   || total
-------------------------++-------
Melee: Dagger            ||    78
 Stab: Sleeping          ||     2
       Distracted        ||     1
Armor: Robe              ||     7
Dodge: Dodged            ||    59
